 Dungeon Crawl Stone Soup version 0.25-a0-661-g55ea3d2053 (console) character file.

Game seed: 17498672020261641976, levelgen mode: classic

547 Duffy the Ruffian (level 7, 52/52 HPs)
             Began as a White Draconian Transmuter on Mar 23, 2020.
             Quit the game on level 4 of the Dungeon.
             The game lasted 00:05:42 (4535 turns).

Duffy the Ruffian (White Draconian Transmuter)      Turns: 4535, Time: 00:05:43

Health: 52/52      AC:  6    Str: 13    XL:     7   Next: 7%
Magic:  12/12      EV: 13    Int: 15    God:
Gold:   309        SH:  0    Dex: 16    Spells: 7/13 levels left

rFire    . . .     SeeInvis .     - Unarmed
rCold    + . .     Gourm    .   (no shield)
rNeg     . . .     Faith    .   (armour unavailable)
rPois    .         Spirit   .   (helmet restricted)
rElec    .         Reflect  .   (no cloak)
rCorr    .         Harm     .   (no gloves)
MR       .....                  (no boots)
Stlth    +.........             t - amulet of inaccuracy (curse)
HPRegen  0.17/turn              n - ring of wizardry
MPRegen  0.13/turn              s - +5 ring of dexterity

@: no status effects
A: breathe frost, unfitting armour, cold resistance 1, cold-blooded, AC +6
a: Breathe Frost


You were on level 4 of the Dungeon.
You were very hungry.

You visited 2 branches of the dungeon, and saw 6 of its levels.

You collected 309 gold pieces.

Inventory:

Missiles
 a - 82 arrows
Jewellery
 n - a ring of wizardry (left hand)
 o - an uncursed ring of fire
 q - an uncursed amulet of faith
 s - a +5 ring of dexterity (right hand)
 t - a cursed amulet of inaccuracy (around neck)
Scrolls
 b - 2 scrolls of enchant armour
 g - 3 scrolls of immolation
 h - a scroll of blinking {unknown}
 i - 4 scrolls of teleportation
 j - a scroll of amnesia {unknown}
 l - a scroll of enchant weapon {unknown}
 u - 2 scrolls of remove curse {unknown}
Potions
 d - a potion of mutation {unknown}
 e - a potion of ambrosia
 f - 2 potions of invisibility
 k - 3 potions of cancellation
 m - a potion of haste {unknown}
 p - a potion of magic
 r - 2 potions of curing
Comestibles
 c - 6 rations


   Skills:
 - Level 1.1 Fighting
 - Level 2.4 Dodging
 + Level 6.1 Unarmed Combat
 + Level 3.5 Spellcasting
 + Level 3.8 Transmutations
 - Level 1.0 Poison Magic


You had 7 spell levels left.
You knew the following spells:

 Your Spells              Type           Power        Failure   Level  Hunger
h - Spider Form           Tmut/Pois      #.........   9%          3    ###....
j - Sticks to Snakes      Tmut           ##......     2%          2    ##.....
k - Beastly Appendage     Tmut           ##....       1%          1    None

Your spell library contained the following spells:

 Spells                   Type           Power        Failure   Level  Hunger
 Ice Form                 Ice/Tmut       #.......     32%         4    ####...
 Blade Hands              Tmut           ##........   38%         5    ######.


Dungeon Overview and Level Annotations

Branches:
Dungeon (5/15)             Temple (1/1) D:4

Altars:
Ashenzari
Dithmenos
Elyvilon
Fedhas
Gozag
Hepliaklqana
Kikubaaqudgha
Makhleb
Nemelex Xobeh
Okawaru
Qazlal
Ru
Sif Muna
Trog
Uskayaw
Vehumet
Wu Jian
Yredelemnul
Zin
The Shining One


Innate Abilities, Weirdness & Mutations

You can breathe waves of freezing cold.
You can buffet flying creatures when you breathe cold.
Your icy white scales are hard. (AC +6)
You cannot fit into any form of body armour.
Your flesh is cold resistant. (rC+)
You are cold-blooded and may be slowed by cold attacks.


Message History

Your transformation has ended.
The sky beast closely misses you.
You closely miss the sky beast.
The sky beast is almost dead.
The sky beast hits you but does no damage.
You kill the sky beast!
Your Unarmed Combat skill increases to level 6!
You have reached level 7!
Your scales start taking on an icy white colour.
You learn Fire Magic much slower.
You learn Ice Magic much quicker.
You can breathe waves of freezing cold.
You can buffet flying creatures when you breathe cold.
You feel resistant to cold.
Your magical contamination has completely faded away.
HP restored.
Magic restored.
Done exploring.
Done exploring.
Done exploring.
Are you sure you want to abandon this character and quit the game? (Confirm with "yes".)

####### #.....# #######.....#
##....##.....# #######
###..##.##....(# #......
##########...###.##.....# #......
##..........### #@##>....# #......
#..########## #.##.....# #......
..## #~##.....####>..... ###
#.................. #######
#.................. ......#########
#<.#####...##......
#####......[..###..#.....#.##......
########...........###.########
#...........# #.########


There were no monsters in sight!

Vanquished Creatures
  A sky beast (D:4)
  An ogre (D:4)
  A crimson imp (D:4)
  A hound (D:4)
  An orc priest (D:3)
  An orc wizard (D:3)
  An iguana (D:4)
  2 worker ants (D:4)
  A worker ant zombie (D:5)
  7 adders
  A worm (D:3)
  2 dart slugs
  3 leopard geckos
  5 orcs
  4 giant cockroaches
  6 goblins
  13 hobgoblins
  16 jackals
  4 kobolds
  5 ball pythons
  7 bats
  6 frilled lizards
  6 rats
95 creatures vanquished.

Notes
Turn   | Place    | Note
-------+----------+-------------------------------------------
     0 | D:1      | Duffy the Draconian Transmuter began the quest for the Orb.
     0 | D:1      | Reached XP level 1. HP: 16/16 MP: 3/3
   104 | D:1      | Reached XP level 2. HP: 18/23 MP: 5/5
   124 | D:1      | Learned a level 2 spell: Sticks to Snakes
   555 | D:1      | Reached skill level 4 in Unarmed Combat
   945 | D:2      | Reached XP level 3. HP: 27/28 MP: 6/6
   955 | D:2      | Learned a level 3 spell: Spider Form
  1788 | D:2      | Reached skill level 1 in Poison Magic
  1922 | D:3      | Reached XP level 4. HP: 32/35 MP: 3/7
  2128 | D:3      | Reached skill level 5 in Unarmed Combat
  2130 | D:3      | Reached XP level 5. HP: 28/40 MP: 2/8
  3313 | D:4      | Reached XP level 6. HP: 47/47 MP: 6/10
  3327 | D:4      | Found a staircase to the Ecumenical Temple.
  3336 | Temple   | Entered the Ecumenical Temple
  3702 | D:4      | Found a basalt altar of Yredelemnul.
  3704 | D:4      | Found a glowing silver altar of Zin.
  3704 | D:4      | Found a stormy altar of Qazlal.
  3705 | D:4      | Found a hazy altar of Hepliaklqana.
  3707 | D:4      | Found a sacrificial altar of Ru.
  4376 | D:5      | Entered Level 5 of the Dungeon
  4414 | D:5      | Noticed a sky beast
  4464 | D:4      | Killed a sky beast
  4464 | D:4      | Reached skill level 6 in Unarmed Combat
  4464 | D:4      | Your scales start taking on an icy white colour.
  4464 | D:4      | Reached XP level 7. HP: 40/52 MP: 2/12
  4464 | D:4      | Gained mutation: Your flesh is cold resistant. (rC+) [White
                  | Draconian growth]
  4535 | D:4      | Quit the game

Levels and vault maps discovered:
D:1:      saegor_arrival_simple_e, layout_rooms, minmay_vboxes
D:2:      layout_basic, first_ration
D:3:      layout_loops_ring, minmay_fractal_squares_gapless_5
D:4:      layout_rooms, grunt_temple_overflow_open,
          minmay_temple_entry_antechambers
D:5:      layout_basic
Temple:   regret_index_temple_generic_petals

Skill      XL: |  1  2  3  4  5  6 |
---------------+-------------------+-----
Unarmed Combat | 4 5 6 |  6.1
Poison Magic   | 1 |  1.0
Dodging        | 2 |  2.4
Spellcasting   | 3 |  3.5
Transmutations | 3 |  3.8
Fighting       | |  1.1

Action                   |  1- 3 |  4- 6 |  7- 9 || total
-------------------------+-------+-------+-------++-------
Melee: Unarmed           |   137 |   174 |       ||   311
       Tailslap          |    16 |     5 |       ||    21
       Punch             |     2 |       |       ||     2
 Cast: Spider Form       |     2 |    15 |       ||    17
       Sticks to Snakes  |       |     1 |       ||     1
  Use: Scroll            |     3 |     6 |       ||     9
 Stab: Sleeping          |       |     1 |       ||     1
  Eat: Chunk             |     3 |    10 |       ||    13
Armor: Skin              |    40 |    40 |       ||    80
Dodge: Dodged            |    83 |   110 |       ||   193

Table legend:
 A = Non-vault XP
 B = Vault XP
 C = Vault XP percentage of total XP
 D = Non-vault monster count
 E = Vault monster count
 F = Vault count percentage of total count
                 A         B        C        D         E       F
            +---------+---------+-------+---------+---------+-------
      Total |     738 |      44 |   5.6 |      82 |      13 |  13.7
            +---------+---------+-------+---------+---------+-------
        D:1 |      26 |      12 |  31.6 |      14 |       7 |  33.3
        D:2 |      55 |       0 |   0.0 |      25 |       0 |   0.0
        D:3 |     128 |      32 |  20.0 |      18 |       6 |  25.0
        D:4 |     510 |       0 |   0.0 |      23 |       0 |   0.0
        D:5 |      19 |       0 |   0.0 |       2 |       0 |   0.0
            +---------+---------+-------+---------+---------+-------
